 Dungeon Crawl Stone Soup version 0.19-a0-1907-gcff654f (webtiles) character file.

43544 Gerad the Basher (level 13, -7/114 HPs)
             Began as a Demigod Wanderer on Oct 21, 2016.
             Mangled by a catoblepas (51 damage)
             ... on level 6 of the Lair of Beasts.
             The game lasted 01:10:13 (23638 turns).

Gerad the Basher (Demigod Wanderer)                Turns: 23638, Time: 01:10:13

Health: -7/114     AC: 25    Str: 16    XL:     13   Next: 54%
Magic:  17/24      EV: 20    Int: 21    God:
Gold:   1399       SH:  0    Dex: 19    Spells: 5 memorised, 8 levels left

rFire  x . .     SeeInvis .     a - +4 morningstar (freeze)
rCold  + + .     Gourm    .     K - +1 leather armour of Beogh's Displeasure {rC+ Dex+2}
rNeg   . . .     Faith    .     (no shield)
rPois  .         Spirit   .     y - +2 helmet
rElec  .         Reflect  .     p - +1 cloak
rCorr  .         Harm     .     H - +2 pair of gloves
MR     +....                    z - +2 pair of boots {run}
Stlth  +.........               (no amulet)
                                F - ring of ice
                                N - +3 ring of protection

@: icy armour
A: high mp 1
a: no special abilities


You were on level 6 of the Lair of Beasts.
You were hungry.

You visited 2 branches of the dungeon, and saw 17 of its levels.

You collected 1399 gold pieces.

Inventory:

Hand Weapons
 a - a +4 morningstar of freezing (weapon)
 b - a +2 whip of venom
 c - a +2 dire flail of holy wrath
 w - a +1 scimitar of flaming
Armour
 p - a +1 cloak (worn)
 y - a +2 helmet (worn)
 z - a +2 pair of boots of running (worn)
 H - a +2 pair of gloves (worn)
 K - the +1 leather armour of Beogh's Displeasure (worn) {rC+ Dex+2}
   (You found it on level 6 of the Dungeon)

   It affects your dexterity (+2).
   It protects you from cold.
Magical Staves
 v - an uncursed staff of power
Jewellery
 q - an uncursed ring of protection from cold
 r - an uncursed ring of poison resistance
 u - an uncursed ring of protection from fire
 C - an uncursed ring of see invisible
 F - a ring of ice (right hand)
 N - a +3 ring of protection (left hand)
Wands
 f - a wand of lightning (8/15)
 n - a wand of digging (6/24)
 x - a wand of iceblast (8/15)
 P - a wand of paralysis (12/24)
Scrolls
 g - a scroll of magic mapping {unknown}
 i - a scroll of teleportation
 k - a scroll of amnesia
 m - a scroll of blinking
 s - a scroll of fear
 B - 5 scrolls of remove curse
 I - 3 scrolls of recharging
 T - a scroll of summoning
Potions
 d - 2 potions of brilliance
 e - 4 potions of agility
 o - 2 potions of might
 t - 2 potions of resistance
 D - 2 potions of haste
 G - a potion of flight
 S - 4 potions of invisibility
 V - 4 potions of curing
 W - a potion of cancellation
Books
 j - a book of Battle

   Spells                             Type                      Level
   a - Infusion                       Charms                       1
   b - Shroud of Golubria             Charms/Translocation         2
   c - Song of Slaying                Charms                       2
   d - Spectral Weapon                Hexes/Charms                 3
   e - Regeneration                   Charms/Necromancy            3
 l - a book of the Sky

   Spells                             Type                      Level
   a - Summon Lightning Spire         Summoning/Air                4
   b - Airstrike                      Air                          4
   c - Silence                        Hexes/Air                    5
   d - Deflect Missiles               Charms/Air                   6
   e - Conjure Ball Lightning         Conjuration/Air              6
   f - Tornado                        Air                          9
Comestibles
 h - 10 meat rations
 A - a bread ration
 Y - 7 royal jellies


   Skills:
 + Level 10.3 Fighting
 * Level 11.5 Maces & Flails
 - Level 1.0 Throwing
 + Level 10.5 Dodging
   Level 1.0 Shields
 - Level 5.0 Spellcasting
 - Level 5.2 Conjurations
 - Level 6.1 Summonings
 - Level 9.0 Ice Magic
   Level 1.7 Earth Magic


You had 8 spell levels left.
You knew the following spells:

 Your Spells              Type           Power        Failure   Level  Hunger
a - Freeze                Ice            ####         1%          1    None
b - Ozocubu's Armour      Chrm/Ice       #####...     10%         3    ##.....
c - Throw Frost           Conj/Ice       ######       1%          2    None
d - Summon Ice Beast      Ice/Summ       ######..     8%          4    ####...
e - Throw Icicle          Conj/Ice       ######..     10%         4    ####...


Dungeon Overview and Level Annotations

Branches:
Dungeon (11/15)            Temple (0/1) D:5            Lair (6/6) D:11
 Shoals (0/4) Lair:2       Spider (0/4) Lair:4        Slime (0/5) Lair:5
    Orc (0/2) D:10

Shops:
D:6 (   D:9 :

Annotations:
Lair:1 exclusion: oklob plant


Innate Abilities, Weirdness & Mutations

You have an increased reservoir of magic. (+10% MP)


Message History

You assume a fearsome visage.
The dream sheep looks frightened!
The dream sheep bleats in terror.
The catoblepas resists with almost no effort.
The plant is engulfed in calcifying dust.
Your ice beast is engulfed in calcifying dust. x2
The catoblepas closely misses you.
Unknown command.
You completely miss the catoblepas.
The catoblepas is lightly wounded.
Your ice beast is engulfed in calcifying dust. x2
The catoblepas gores you but does no damage.
The dream sheep ruffle their wool and motes of dream dust sparkle, to no effect.
You hit the catoblepas. You freeze the catoblepas.
The catoblepas is lightly wounded.
Your ice beast is engulfed in calcifying dust.
The catoblepas gores you but does no damage.
The dream sheep shake their wool and sparkle.
You feel drowsy...
You fall asleep.
The catoblepas gores you!!!
You wake up.
You die...

....# # ## .Y..#..
#.. ....... #.Y#
...#.#.
#...#.......
####Y....#
#..Y...###
##.YY§#####
#...@§#...#
#P.....#..#
#.....#...#######
##...§†####P.#..##
#P.......#...P#.#
#..............###
###..............#
##P...#.......P#
###..#####....##


You could see a catoblepas, 2 dream sheep and 2 friendly ice beasts.

Vanquished Creatures
  The ghost of weedlayer the Spry, a journeyman MfBe of Trog (Lair:5)
  A hydra (Lair:6)
  Erica (D:8)
  An unseen horror (D:10)
  A fire crab (Lair:5)
  2 hill giants
  2 ugly things
  2 manticores
  13 elephants
  A torpor snail (Lair:4)
  3 black mambas
  6 spiny frogs
  4 rime drakes
  5 komodo dragons
  A polar bear (Lair:5)
  A hornet (Lair:4)
  A slime creature (D:11)
  4 dream sheep (Lair:6)
  17 blink frogs
  Prince Ribbit (D:5)
  15 hippogriffs
  A redback (Lair:4)
  3 wraiths
  10 wyverns
  34 yaks
  A hungry ghost (D:10)
  5 basilisks
  Edmund (D:6)
  2 wargs (Lair:2)
  6 water moccasins
  5 porcupines
  An ice beast (D:7)
  2 phantoms (D:10)
  4 sky beasts
  5 orc warriors
  A black bear (D:7)
  3 ogres
  2 necrophages
  20 wolves
  6 centaurs
  11 crocodiles
  2 big kobolds
  7 bullfrogs
  4 scorpions
  2 troll zombies (D:10)
  14 wights
  10 killer bees
  3 howler monkeys
  7 crimson imps
  2 centaur zombies
  6 jellies
  9 hounds
  A bullfrog skeleton (D:4)
  3 orc priests
  10 orc wizards
  3 iguanas
  9 worker ants
  6 ogre zombies (D:10)
  3 gnolls (D:4)
  14 adders
  2 shadow imps
  5 oozes (D:11)
  A worm (D:3)
  4 dart slugs
  8 leopard geckos
  31 orcs
  9 bats
  11 giant cockroaches
  8 goblins
  10 hobgoblins
  6 jackals
  13 kobolds
  4 quokkas
  A ball python (D:2)
  7 frilled lizards
  4 goblin skeletons (D:10)
  2 goblin zombies (D:10)
  2 hobgoblin zombies (D:10)
  5 orc skeletons (D:10)
  10 orc zombies (D:10)
  A quokka skeleton (D:4)
  A quokka zombie (D:5)
  6 rats
472 creatures vanquished.

Vanquished Creatures (collateral kills)
  A hydra (Lair:4)
  2 death yaks (Lair:6)
  5 elephants
  A gargoyle (D:11)
  A spiny frog (Lair:5)
  A komodo dragon (Lair:3)
  A troll (D:9)
  2 hippogriffs (Lair:4)
  3 dream sheep (Lair:6)
  3 yaks (Lair:4)
  3 basilisks (Lair:4)
  An ice beast (D:8)
  An ogre (D:10)
  A wolf (Lair:2)
  A bullfrog (D:9)
  2 gnoll sergeants
  2 scorpions (Lair:4)
  2 killer bees (D:9)
  A jelly (D:9)
  A quasit (D:9)
  9 gnolls
  An adder skeleton (D:9)
  A worm (Lair:4)
  A giant cockroach (Lair:4)
  A goblin zombie (D:10)
  A fungus (Lair:3)
49 creatures vanquished.

Vanquished Creatures (others)
  A quokka (D:9)
  16 fungi
  7 plants
24 creatures vanquished.

Grand Total: 545 creatures vanquished

Notes
Turn   | Place    | Note
-------+----------+-------------------------------------------
     0 | D:1      | Gerad the Demigod Wanderer began the quest for the Orb.
     0 | D:1      | Gerad set off with: a book of Frost, Udo Hido's Handbook of Moulding, a +0 robe, a +0 club, a bread ration
     0 | D:1      | Reached XP level 1. HP: 14/14 MP: 5/5
     0 | D:1      | Identified Udo Hido's Handbook of Moulding
     2 | D:1      | Learned a level 1 spell: Freeze
   213 | D:1      | Reached XP level 2. HP: 20/20 MP: 5/7
   892 | D:2      | Reached XP level 3. HP: 26/26 MP: 7/9
   919 | D:2      | Found a stormy altar of Qazlal.
  1734 | D:2      | Learned a level 3 spell: Ozocubu's Armour
  1737 | D:2      | Learned a level 2 spell: Throw Frost
  1841 | D:2      | Reached XP level 4. HP: 33/33 MP: 7/10
  2198 | D:3      | Found a radiant altar of Vehumet.
  2199 | D:3      | Found a burning altar of Makhleb.
  2203 | D:3      | Reached skill level 5 in Ice Magic
  2213 | D:3      | Found a bloodstained altar of Trog.
  2364 | D:3      | Found a glowing golden altar of the Shining One.
  2441 | D:3      | Reached XP level 5. HP: 28/38 MP: 3/12
  2855 | D:3      | Found a faded altar of an unknown god.
  3758 | D:4      | Reached XP level 6. HP: 45/45 MP: 10/13
  4032 | D:4      | Reached skill level 1 in Fighting
  4032 | D:4      | Reached skill level 1 in Dodging
  4084 | D:5      | Entered Level 5 of the Dungeon
  4391 | D:5      | HP: 1/47 [orc wizard/magic dart (8)]
  4396 | D:5      | HP: 3/70 [orc (3)]
  4396 | D:5      | HP: 1/70 [orc wizard/dagger (2)]
  4398 | D:5      | Reached XP level 7. HP: 2/53 MP: 7/14
  4718 | D:5      | Noticed Prince Ribbit
  4728 | D:5      | Killed Prince Ribbit
  4741 | D:5      | Found an ancient bone altar of Kikubaaqudgha.
  4950 | D:5      | Found a snail-covered altar of Cheibriados.
  4955 | D:5      | Got an iridescent rapier
  4956 | D:5      | Identified the +4 rapier "Xyun" {pierce, rElec rPois Int-2 Dex+2} (You found it on level 5 of the Dungeon)
  5033 | D:5      | Found a staircase to the Ecumenical Temple.
  5159 | D:6      | Found Irec's Weapon Boutique.
  5226 | D:6      | Found a shimmering altar of Xom.
  5238 | D:6      | Got a fine leather armour
  5251 | D:6      | Identified the cursed +1 leather armour of Beogh's Displeasure {rC+ Dex+2} (You found it on level 6 of the Dungeon)
  5277 | D:6      | Noticed Edmund
  5290 | D:6      | Killed Edmund
  5394 | D:6      | Found an iron altar of Okawaru.
  5480 | D:5      | Learned a level 4 spell: Summon Ice Beast
  5881 | D:6      | Reached XP level 8. HP: 57/63 MP: 10/15
  6334 | D:7      | Noticed a hill giant
  6355 | D:7      | Killed a hill giant
  6595 | D:7      | Reached skill level 1 in Summonings
  6720 | D:7      | Noticed a hippogriff
  6731 | D:7      | Killed a hippogriff
  6915 | D:7      | Reached XP level 9. HP: 63/72 MP: 7/16
  7188 | D:7      | Learned a level 4 spell: Throw Icicle
  7402 | D:8      | Noticed Erica
  7431 | D:8      | Killed Erica
  7431 | D:8      | Reached skill level 1 in Conjurations
  7535 | D:7      | Reached skill level 5 in Dodging
  7608 | D:8      | Reached skill level 5 in Fighting
  8847 | D:9      | Noticed a purple ugly thing
  8864 | D:9      | Killed a purple ugly thing
  8864 | D:9      | Reached skill level 5 in Summonings
  9135 | D:9      | Reached XP level 10. HP: 43/81 MP: 13/18
  9437 | D:9      | Found a white marble altar of Elyvilon.
  9605 | D:9      | Found Zaibeiraf's Book Boutique.
  9925 | D:9      | Found an iron altar of Okawaru.
  9925 | D:9      | Found a shadowy altar of Dithmenos.
  9961 | D:10     | Entered Level 10 of the Dungeon
 10372 | D:10     | Noticed an unseen horror
 10382 | D:10     | Killed an unseen horror
 10382 | D:10     | Reached skill level 5 in Conjurations
 10673 | D:10     | Reached skill level 1 in Maces & Flails
 10997 | D:10     | Reached skill level 2 in Maces & Flails
 11360 | D:10     | Identified a +0 pair of boots of running (You found it on level 10 of the Dungeon)
 11531 | D:10     | Found a staircase to the Orcish Mines.
 11637 | D:11     | Noticed a hill giant
 11644 | D:11     | Killed a hill giant
 11758 | D:11     | Reached skill level 3 in Maces & Flails
 12164 | D:11     | Reached XP level 11. HP: 91/91 MP: 20/20
 12230 | D:11     | Found a bloodstained altar of Trog.
 12428 | D:11     | Reached skill level 4 in Maces & Flails
 12824 | D:11     | Found a staircase to the Lair.
 12992 | Lair:1   | Entered Level 1 of the Lair of Beasts
 12992 | Lair:1   | Found an ancient bone altar of Kikubaaqudgha.
 13506 | Lair:1   | Reached skill level 5 in Maces & Flails
 13978 | Lair:1   | Found an opulent altar of Gozag.
 14482 | Lair:2   | Reached skill level 5 in Spellcasting
 14509 | Lair:2   | Reached skill level 6 in Maces & Flails
 14522 | Lair:2   | HP: 4/92 [elephant (3)]
 15220 | Lair:2   | Found a staircase to the Shoals.
 15366 | Lair:2   | Reached skill level 7 in Maces & Flails
 15911 | Lair:2   | Reached XP level 12. HP: 86/102 MP: 23/23
 16930 | Lair:3   | Reached skill level 8 in Maces & Flails
 18207 | Lair:4   | Reached skill level 9 in Maces & Flails
 18803 | Lair:4   | Found a hole to the Spider Nest.
 19743 | Lair:4   | Noticed a four-headed hydra
 19748 | Lair:4   | Killed a four-headed hydra
 20026 | Lair:5   | Found a staircase to the Slime Pits.
 20026 | Lair:5   | Noticed weedlayer's ghost (journeyman MfBe)
 20122 | Lair:5   | Killed weedlayer's ghost
 20122 | Lair:5   | Reached skill level 10 in Maces & Flails
 20448 | Lair:5   | Reached XP level 13. HP: 58/112 MP: 8/24
 20450 | Lair:5   | HP: 4/112 [black mamba (12)]
 21398 | Lair:5   | Reached skill level 10 in Dodging
 21846 | Lair:5   | Reached skill level 10 in Fighting
 21927 | Lair:6   | Entered Level 6 of the Lair of Beasts
 22309 | Lair:6   | Reached skill level 11 in Maces & Flails
 23638 | Lair:6   | Mangled by a catoblepas

Vault maps used:
D:1:      dpeg_arrival_rooms_with_view, kennysheep_boxes
D:2:      lemuel_crystal_altar
D:3:      minmay_wonky_spiral, grunt_temple_overflow_lords_of_destruction,
          overflow_temple_1_default, overflow_temple_1_default,
          ecumenical_altar_2
D:4:      hangedman_abyss_or_decor_jellyfish_corner
D:5:      lemuel_coloured_pillars_altar, kennysheep_mini_moat, first_bread,
          uniq_prince_ribbit1
D:6:      xom_teletrap_fun, serial_shops,
          nicolae_shop_temple_entry_statues_fountains, basic_altar,
          abandoned_shop, uniq_edmund
D:7:      minmay_opposing_rooms
D:8:      uniq_erica
D:9:      elyvilon_altar_4, gammafunk_temple_overflow_elements, serial_shops,
          shop, minmay_unpleasant_kobolds
D:10:     zombieorc2_lemuel
D:11:     lair_0_dummy, basic_altar, hangedman_little_slice_of_home
Lair:1:   basic_altar, lemuel_oklob_altar
Lair:2:   beast_lair_carwin_large_3, shoals_dummy_entry
Lair:3:   zaba_anthole, serial_bayou_shore_a, serial_bayou_shore_b,
          grunt_megastairs_3
Lair:4:   nicolae_spider_entry_non_spiders, grunt_megastairs_1
Lair:5:   slime_dummy
Lair:6:   hangedman_lair_in_review, serial_bayou_shore_b, uniq_rupert

Skill      XL: |  1  2  3  4  5  6  7  8  9 10 11 12 13 |
---------------+----------------------------------------+-----
Ice Magic      | 4 5 6 7 8 9 |  9.0
Spellcasting   | 2 3 5 |  5.0
Fighting       | 1 3 4 5 6 8 9 10 | 10.3
Dodging        | 1 3 4 5 6 8 9 10 | 10.5
Summonings     | 2 5 6 |  6.1
Conjurations   | 4 5 |  5.2
Maces & Flails | 3 7 10 11 | 11.5
Throwing       | |  1.0
Shields        | |  1.0
Earth Magic    | |  1.7

Action                   |  1- 3 |  4- 6 |  7- 9 | 10-12 | 13-15 || total
-------------------------+-------+-------+-------+-------+-------++-------
Melee: Spear             |    44 |    44 |       |       |       ||    88
       Club              |     6 |       |       |       |       ||     6
       Trident           |       |    49 |     3 |       |       ||    52
       Dagger            |       |       |   189 |    46 |       ||   235
       Dire flail        |       |       |    24 |   197 |       ||   221
       Whip              |       |       |       |   208 |       ||   208
       Morningstar       |       |       |       |   515 |   193 ||   708
 Cast: Freeze            |    45 |    73 |   152 |   262 |    74 ||   606
       Throw Frost       |       |     3 |     7 |    11 |       ||    21
       Ozocubu's Armour  |       |     1 |    11 |    21 |     9 ||    42
       Summon Ice Beast  |       |       |     8 |    39 |    15 ||    62
       Throw Icicle      |       |       |       |     3 |     3 ||     6
Evoke: Wand              |       |       |       |     2 |       ||     2
  Use: Scroll            |     2 |    10 |    12 |    18 |     4 ||    46
       Potion            |       |     3 |     1 |     1 |     1 ||     6
 Stab: Sleeping          |       |     1 |     2 |     1 |       ||     4
       Distracted        |       |       |       |     3 |     1 ||     4
       Petrifying        |       |       |       |       |     2 ||     2
  Eat: Chunk             |     2 |     9 |    16 |    39 |    11 ||    77
       Pizza             |       |       |     1 |     1 |       ||     2
       Beef jerky        |       |       |       |     3 |       ||     3
       Royal jelly       |       |       |       |     2 |     1 ||     3
Armor: Robe              |    12 |       |       |       |       ||    12
       Leather armour    |       |    50 |   152 |   483 |   134 ||   819
Dodge: Dodged            |    54 |    80 |   274 |  1101 |   310 ||  1819
